 Dungeon Crawl Stone Soup version 0.30-a0-737-gf23d94013f (webtiles) character file.

Game seed: 8259789187365598643

2334 mopl the Covert (level 9, -2/41 (42) HPs)
             Began as a Vine Stalker Brigand on Feb 2, 2023.
             Slain by a gnoll sergeant
             ... wielding a +0 spear
              (4 damage)
             ... on level 7 of the Dungeon.
             The game lasted 00:10:01 (5989 turns).

mopl the Covert (Vine Stalker Brigand)              Turns: 5989, Time: 00:10:02

HP:   -2/41 (42)    AC:  4    Str: 21    XL:     9   Next: 42%
MP:   0/10          EV: 10    Int: 11    God:
Gold: 275           SH: 12    Dex: 19    Spells: 8/8 levels left

rFire   . . .      SeeInvis .    a - +2 dagger
rCold   + + .      Faith    .    y - +2 kite shield
rNeg    . . .      Spirit   +    K - +1 robe {rC+}
rPois   .          Reflect  .    (no helmet)
rElec   .          Harm     .    c - +0 cloak
rCorr   .          Rampage  .    (no gloves)
Will    +....                    (no boots)
Stlth   +++++                    x - amulet of the acrobat
HPRegen 1.06/turn                j - ring of protection from cold
MPRegen 0.12/turn                s - +6 ring of strength

@: lightly drained
A: fangs 3, regeneration 1, magic shield, antimagic bite, no potion heal 2
a: no special abilities


You were on level 7 of the Dungeon.
You visited 2 branches of the dungeon, and saw 9 of its levels.
You also visited: Bailey.

You collected 376 gold pieces.
You spent 101 gold pieces at shops.

Inventory:

Hand Weapons
 a - a +2 dagger (weapon)
 I - the +8 trident of the Octopus King {venom, rElec rPois}
   (You found it on level 8 of the Dungeon)

   rElec:     It insulates you from electricity.
   rPois:     It protects you from poison.
Missiles
 d - 14 poisoned darts (quivered)
 e - 2 curare-tipped darts
 t - 2 throwing nets
 u - 3 atropa-tipped darts
 B - 2 javelins
Armour
 c - a +0 cloak (worn)
 y - a +2 kite shield (worn)
 K - a +1 robe of cold resistance (worn)
Magical Staves
 r - a staff of conjuration
Jewellery
 j - a ring of protection from cold (left hand)
 m - a ring of protection from cold
 s - a +6 ring of strength (right hand)
 x - an amulet of the acrobat (around neck)
 C - a ring of flight
 H - the ring "Nepi" {Ice +Blink Str+2 Int-4 Dex+3}
   (You found it on level 7 of the Dungeon)

   [ring of ice]

   It enhances your ice magic.
   Str:       It affects your strength (+2).
   Int:       It affects your intelligence (-4).
   Dex:       It affects your dexterity (+3).
   rF:        It makes you vulnerable to fire.
   rC:        It protects you from cold.
   +Blink:    It lets you blink.
Wands
 E - a wand of quicksilver (6)
Scrolls
 h - a scroll of amnesia {unknown}
 k - 3 scrolls of fog {unknown}
 o - 4 scrolls of vulnerability {unknown}
 p - 5 scrolls of teleportation {unknown}
 v - a scroll of noise {unknown}
 D - a scroll of torment {unknown}
 G - a scroll of magic mapping {unknown}
Potions
 f - 2 potions of cancellation
 g - a potion of attraction {unknown}
 i - 6 potions of haste
 l - 4 potions of might
 n - 2 potions of lignification {!q}
 q - 2 potions of mutation {!q}
 w - 5 potions of resistance
 z - 5 potions of curing
 A - 4 potions of magic
 F - 5 potions of invisibility
 J - 2 potions of brilliance {unknown}


   Skills:
 - Level 1.7 Fighting
 + Level 6.1 Short Blades
 + Level 6.1 Throwing
 - Level 0.7 Dodging
 + Level 9.7 Stealth
 + Level 4.6 Shields


You had 8 spell levels left.
You didn't know any spells.
Your spell library contained the following spells:

 Spells                   Type           Power      Damage    Failure   Level
 Sting                    Tmut/Pois      0%         1d3       71%         1
 Poisonous Vapours        Pois/Air       0%         N/A       83%         2
 Sublimation of Blood     Necr           0%         N/A       83%         2
 Wereblood                Tmut           0%         N/A       83%         2
 Animate Dead             Necr           0%         N/A       100%        4
 Olgreb's Toxic Radiance  Pois           0%         N/A       100%        4
 Borgnjor's Vile Clutch   Necr/Erth      0%         N/A       100%        5
 Death Channel            Necr           0%         N/A       100%        6
 Summon Hydra             Summ           0%         N/A       100%        7


Dungeon Overview and Level Annotations

Branches:
Dungeon (8/15)             Temple (1/1) D:6          Bailey (visited)
   Lair: D:8-11

Altars:
Ashenzari
Cheibriados
Dithmenos
Elyvilon
Fedhas
Gozag
Hepliaklqana
Makhleb
Nemelex Xobeh
Ru
Sif Muna
Yredelemnul
Zin
The Shining One
Lugonu

Shops:
D:1 [   D:3 [   D:4 *   D:6 *

Annotations:
D:4 1 runed translucent door, initializr's ghost, novice KoBr


Innate Abilities, Weirdness & Mutations

You have razor-sharp teeth.
Your natural rate of healing is unusually fast.
When hurt, damage is shared between your health and your magic reserves.
Your bite disrupts and absorbs the magic of your enemies.
Potions cannot restore your health.


Message History

You hit the gnoll sergeant but do no damage.
The gnoll sergeant is heavily wounded.
The gnoll sergeant hits you with a +0 spear!
You block the gnoll's attack.
You are too injured to fight recklessly!
You are too injured to fight recklessly!
You hit the gnoll sergeant but do no damage.
The gnoll sergeant is heavily wounded.
You block the gnoll sergeant's attack. The gnoll hits you with a +0 spear.
* * * LOW HITPOINT WARNING * * *
You hit the gnoll sergeant. You bite the gnoll sergeant. You drain its power.
You feel invigorated.
The gnoll sergeant is severely wounded.
The gnoll sergeant hits you with a +0 spear!
* * * LOW HITPOINT WARNING * * *
You block the gnoll's attack.
You hit the gnoll sergeant but do no damage.
The gnoll sergeant is severely wounded.
You hit the gnoll sergeant.
The gnoll sergeant is severely wounded.
The gnoll sergeant hits you with a +0 spear!
* * * LOW HITPOINT WARNING * * *
You block the gnoll's attack.
Okay, then.
Unknown command.
Press: ? - help, v - describe, . - travel
Here: a gnoll, wielding a +0 spear The floor.
Unknown command.
Unknown command.
You hit the gnoll sergeant but do no damage.
You bite the gnoll sergeant. You drain its power.
You feel invigorated.
The gnoll sergeant is severely wounded.
You block the gnoll sergeant's attack. The gnoll hits you with a +0 spear.
* * * LOW HITPOINT WARNING * * *
You hit the gnoll sergeant but do no damage.
Your bite misses the gnoll sergeant.
The gnoll sergeant is severely wounded.
The gnoll sergeant hits you with a +0 spear.
You die...

##............#..(....##......
#......#...............#######
#......#...####..####..(......
##...)..#...####..####..######.
#.......+...#..................
#......##...#......8...8...8...
#......##...#.<......#...#.....
##..........#.)g....###.###.#..
#...........[@......#...#.....
#...........g.....8...8...8...
##..................#...#.....
#..[...........##.###.###.#..
#..................#...#.....
##......###......8...8...8...
#......# #..................
###..[...# #...........†.....#
#........# #..........)))##..#


You could see a gnoll sergeant and a gnoll.

Vanquished Creatures
  Menkaure (D:7)
  A water moccasin (D:6)
  Duvessa (D:7)
  A sky beast (D:6)
  2 orc warriors
  An ogre (D:5)
  3 centaurs
  A necrophage (D:4)
  3 bullfrogs
  4 scorpions
  A wight (D:7)
  Dowan (D:7)
  A howler monkey (D:4)
  3 jellies (D:5)
  Crazy Yiuf (D:3)
  5 hounds
  An iguana (D:4)
  3 orc wizards
  12 gnolls
  10 adders
  A shadow imp (D:6)
  A white imp (D:5)
  An ufetubus (D:5)
  3 worms
  6 dart slugs
  38 orcs
  4 ball pythons
  9 bats
  8 endoplasms
  4 giant cockroaches
  6 goblins
  4 hobgoblins
  4 jackals (D:2)
  9 kobolds
  7 quokkas
  3 frilled lizards
  10 rats
174 creatures vanquished.

Vanquished Creatures (others)
  A plant (D:8)
1 creature vanquished.

Grand Total: 175 creatures vanquished

Notes
Turn   | Place    | Note
-------+----------+-------------------------------------------
     0 | D:1      | mopl the Vine Stalker Brigand began the quest for the Orb.
     0 | D:1      | Reached XP level 1. HP: 11/11 MP: 2/2
   141 | D:1      | Reached skill level 2 in Short Blades
   141 | D:1      | Reached skill level 5 in Stealth
   233 | D:1      | Reached skill level 2 in Throwing
   233 | D:1      | Reached XP level 2. HP: 8/15 MP: 0/3
   485 | D:1      | Found Tadivuroa's Armour Shop.
   626 | D:1      | Reached XP level 3. HP: 18/18 MP: 4/4
  1018 | D:2      | Gained mutation: Your natural rate of healing is unusually
                  | fast. [Vine Stalker growth]
  1018 | D:2      | Reached XP level 4. HP: 11/23 MP: 3/5
  1602 | D:3      | Found Rugg's Armour Emporium.
  1621 | D:3      | Reached skill level 3 in Short Blades
  1665 | D:3      | Reached skill level 3 in Throwing
  1665 | D:3      | Reached skill level 6 in Stealth
  1665 | D:3      | Reached XP level 5. HP: 26/26 MP: 4/6
  1686 | D:3      | You fall into a shaft and drop 1 floor!
  1815 | D:4      | Reached XP level 6. HP: 17/30 MP: 4/7
  1957 | D:4      | Found a runed translucent door.
  1963 | D:4      | Noticed initializr's ghost (novice KoBr)
  2079 | D:3      | Found a faded altar of an unknown god.
  2161 | D:3      | Found a runed translucent door.
  2162 | D:3      | Noticed Crazy Yiuf
  2626 | D:3      | Killed Crazy Yiuf
  2725 | D:4      | Found a basalt altar of Yredelemnul.
  2807 | D:4      | Found a sparkling altar of Nemelex Xobeh.
  3117 | D:4      | Found Gufoer's General Store.
  3241 | D:4      | Bought a scroll of identify for 28 gold pieces
  3241 | D:4      | Bought a potion of curing for 42 gold pieces
  3258 | D:5      | Entered Level 5 of the Dungeon
  3260 | D:5      | Reached skill level 4 in Short Blades
  3260 | D:5      | Reached skill level 7 in Stealth
  3408 | D:5      | Found a sacrificial altar of Ru.
  3505 | D:4      | Reached skill level 1 in Shields
  3505 | D:4      | Reached XP level 7. HP: 32/34 MP: 6/8
  3522 | D:5      | Reached skill level 4 in Throwing
  3626 | D:4      | Reached skill level 2 in Shields
  3891 | D:5      | Found a blossoming altar of Fedhas.
  4433 | D:6      | Gained mutation: You have razor-sharp teeth. [Vine Stalker
                  | growth]
  4433 | D:6      | Reached XP level 8. HP: 35/38 MP: 7/9
  4502 | D:6      | Found an opulent altar of Gozag.
  4573 | D:7      | Reached skill level 8 in Stealth
  4617 | D:7      | Reached skill level 5 in Short Blades
  4617 | D:7      | Reached skill level 3 in Shields
  4630 | D:7      | Reached skill level 5 in Throwing
  4696 | D:6      | Found a staircase to the Ecumenical Temple.
  4707 | Temple   | Entered the Ecumenical Temple
  4928 | D:6      | Found Mifaaq Tau's Assorted Antiques.
  4933 | D:6      | Bought a scroll labelled HOOFILATUI for 31 gold pieces
  5138 | D:7      | Reached skill level 9 in Stealth
  5138 | D:7      | Reached XP level 9. HP: 42/42 MP: 10/10
  5147 | D:7      | Found a broken altar of Ashenzari.
  5187 | D:7      | Noticed Dowan
  5188 | D:7      | Noticed Duvessa
  5203 | D:7      | Killed Duvessa
  5204 | D:7      | Reached skill level 4 in Shields
  5212 | D:7      | Killed Dowan
  5316 | D:7      | Found a shimmering blue altar of Sif Muna.
  5357 | D:7      | Identified the ring "Nepi" {Ice +Blink Str+2 Int-4 Dex+3}
  5387 | D:7      | Found a glowing golden altar of the Shining One.
  5409 | D:7      | Noticed Menkaure
  5416 | D:7      | Killed Menkaure
  5417 | D:7      | Reached skill level 6 in Short Blades
  5646 | D:8      | Found the +8 trident of the Octopus King {venom, rElec
                  | rPois}
  5646 | D:8      | Found a flagged portal.
  5656 | Bailey   | Entered a bailey
  5803 | Bailey   | Reached skill level 6 in Throwing
  5987 | D:7      | HP: 1/41 [gnoll sergeant/+0 spear (6)]
  5989 | D:7      | Slain by a gnoll sergeant

Illustrated notes

Levels and vault maps discovered:
D:1:      dpeg_arrival_ratfight, layout_loops_corners, serial_shops,
          nicolae_shop_competitors_out_of_business
D:2:      layout_loops_ring
D:3:      layout_loops_ring, dreamdust_ecumenical_altar_angels_and_demons,
          serial_shops, nicolae_diamond_shop, uniq_crazy_yiuf_cottage
D:4:      minmay_octagon_keep, layout_basic, mainiacjoe_overflow_alcove_1,
          nemelex_altar_shiori, serial_shops, shop, ebering_ghost_sewer_d,
          kennysheep_cluttered_room
D:5:      layout_basic, fedhas_altar_2, nicolae_ru_awakened_eye
D:6:      layout_basic, grunt_gozag_statues, minmay_temple_entry_tees,
          serial_shops, nicolae_shop_hallway_plus, minmay_misc_feat_pillars
D:7:      layout_basic, overflow_temple_1_default, lemuel_crystal_altar,
          lemuel_crystal_altar, wad_floor_pattern_untrapped,
          minmay_misc_feat_four_crosses, uniq_menkaure, uniq_duvessa
D:8:      nzn_winding_woodlands_small [nzn_winding_woodlands_5x15_pool,
          nzn_winding_woodlands_center_garden,
          nzn_winding_woodlands_5x15_twine], layout_loops_cross,
          kennysheep_mini_moat, grunt_qazlal_sundering,
          nicolae_vehumet_altar_sigil, enter_bailey_2
Temple:   corrupted_temple

Skill      XL: |  1  2  3  4  5  6  7  8  9 |
---------------+----------------------------+-----
Short Blades   | 2 3 4 5 6 |  6.1
Stealth        | 5 6 7 9 |  9.7
Throwing       | 2 3 4 5 6 |  6.1
Shields        | 1 2 3 4 |  4.6
Fighting       | |  1.7
Dodging        | |  0.7

Action                     |  1- 3 |  4- 6 |  7- 9 || total
---------------------------+-------+-------+-------++-------
  Melee: Dagger            |    88 |   219 |   255 ||   562
         Bite              |    21 |    61 |    98 ||   180
         Punch             |     2 |       |       ||     2
  Throw: Dart              |       |     3 |    18 ||    21
    Use: Scroll            |       |     8 |     1 ||     9
   Stab: Sleeping          |    12 |    19 |    26 ||    57
 Armour: Robe              |    25 |    38 |    19 ||    82
  Dodge: Dodged            |    35 |   105 |    81 ||   221
  Block: Kite shield       |       |    24 |   136 ||   160

Table legend: (Time is in decaauts)
 A = Elapsed time spent in this place.
 B = Non-inter-level travel time spent in this place.
 C = Inter-level travel time spent in this place.
 D = Time resting spent in this place.
 E = Time spent auto-exploring this place.
 F = Levels seen in this place.
 G = Mean time per level.
                   A        B        C        D        E       F      G
               +--------+--------+--------+--------+--------+-----+--------+
         Total |   5933 |   5612 |    321 |    142 |   4026 |  10 |  593.3 |
       Dungeon |   5625 |   5318 |    307 |    142 |   3858 |   8 |  703.1 |
        Temple |     54 |     40 |     14 |      0 |      8 |   1 |   54.0 |
        Bailey |    253 |    253 |      0 |      0 |    160 |   1 |  253.0 |
               +--------+--------+--------+--------+--------+-----+--------+

Top non-repeatable levels by time:
     D:5: 983 daAuts
     D:4: 880 daAuts
     D:2: 811 daAuts
     D:3: 800 daAuts
     D:1: 788 daAuts
     D:7: 700 daAuts
     D:6: 631 daAuts
  Bailey: 253 daAuts
  Temple: 54 daAuts
     D:8: 29 daAuts
